 Dungeon Crawl Stone Soup version 0.29.1-12-g30fa7ad0bf (webtiles) character file.

Game seed: 14030609256094137913

91 hawla the Chiller (level 5, -10/38 HPs)
             Began as a Meteoran Ice Elementalist on Dec 31, 2022.
             Mangled by Menkaure (24 damage)
             ... on level 4 of the Dungeon.
             The game lasted 00:03:22 (475 turns).

hawla the Chiller (Meteoran Ice Elementalist)        Turns: 475, Time: 00:03:24

Health: -10/38     AC:  2    Str:  9    XL:     5   Next: 13%
Magic:  11/11      EV: 13    Int: 18    God:
Gold:   48         SH:  0    Dex: 15    Spells: 7/11 levels left

rFire   . . .      SeeInvis .   (no weapon)
rCold   . . .      Faith    .   (no shield)
rNeg    . . .      Spirit   .   a - +0 robe
rPois   .          Reflect  .   (no helmet)
rElec   .          Harm     .   (no cloak)
rCorr   .          Rampage  .   (no gloves)
Will    .....                   (no boots)
Stlth   +.........              (no amulet)
HPRegen 0.12/turn               (no ring)
MPRegen 0.12/turn               (no ring)

@: glowing
A: sense surroundings 1, otherworldly, glowing, explore regen
a: no special abilities


You were on level 4 of the Dungeon.
You visited 1 branch of the dungeon, and saw 4 of its levels.

You collected 48 gold pieces.

Inventory:

Armour
 a - a +0 robe (worn)
Jewellery
 g - an amulet of reflection
Scrolls
 c - a scroll of magic mapping {unknown}
 d - a scroll of immolation {unknown}
 e - a scroll of enchant armour {unknown}
 f - a scroll of blinking {unknown}
 i - a scroll of identify {unknown}
Potions
 b - a potion of magic


   Skills:
 + Level 0.1 Fighting
 + Level 2.7 Dodging
 - Level 1.4 Stealth
 + Level 3.7 Spellcasting
 + Level 5.8 Ice Magic


You had 7 spell levels left.
You knew the following spells:

 Your Spells              Type           Power      Damage    Failure   Level
a - Freeze                Ice            96%        1d11      1%          1
b - Frozen Ramparts       Ice            48%        1d8       4%          3

Your spell library contained the following spells:

 Spells                   Type           Power      Damage    Failure   Level
 Ozocubu's Armour         Ice            24%        N/A       4%          3
 Hailstorm                Conj/Ice       13%        3d5       41%         4


Dungeon Overview and Level Annotations

Branches:
Dungeon (4/15) Zot: 1920
 Temple: D:4-7

Altars:

Shops:
D:1 !=

Annotations:
D:4 Menkaure


Innate Abilities, Weirdness & Mutations

You passively map a small area around you.
You are easily found by Zot.
You glow in the dark.
You regain HP and MP as you explore.


Message History

You freeze Menkaure.
Menkaure resists.
Menkaure is severely damaged.
The wall freezes Menkaure but does no damage.
Menkaure hits you!
* * * LOW HITPOINT WARNING * * *
It was a potion of ambrosia.
You are confused.
You feel invigorated.
Menkaure resists.
The wall freezes Menkaure.
Menkaure calls on the powers of darkness!
Your body is wracked with pain!
* * * LOW HITPOINT WARNING * * *
The wall freezes Menkaure but does no damage.
Menkaure points at you and mumbles some strange words.
Pain shoots through your body!
* * * LOW HITPOINT WARNING * * *
Your frozen ramparts will break if you move.
Continue?
Okay, then.
Your frozen ramparts will break if you move.
Continue?
Okay, then.
You're too confused to attack without stumbling around!
Menkaure is nearby!
Unknown command.
The wall freezes Menkaure but does no damage.
Menkaure calls on the powers of darkness!
Your body is wracked with pain!
* * * LOW HITPOINT WARNING * * *
The frozen ramparts melt away.
Menkaure closely misses you.
You're too confused to attack without stumbling around!
Menkaure is nearby!
You're too confused to attack without stumbling around!
Menkaure is nearby!
You're too confused to attack without stumbling around!
Unknown command.
You hit Menkaure but do no damage.
Menkaure is almost destroyed.
You feel less invigorated.
You feel less confused. Menkaure hits you!!
Ouch! That really hurt!
You die...

* * , *
###########
#.# *
......M@..#
#.# * *
#########$#
#.# , * #.#
#.# , , ,, *
#.# #.#** *
##.# #.#
#####.#.##.#
*
#..†.###...#
, *
#.###.#.##.#
* #* *
##.###.#
.#~~.


You could see Menkaure (fast).

Vanquished Creatures
  A scorpion (D:4)
  5 dart slugs
  An orc (D:3)
  An endoplasm (D:1)
  A goblin (D:2)
  2 hobgoblins (D:4)
  2 kobolds (D:1)
  A quokka (D:2)
  2 ball pythons
  3 bats
  A frilled lizard (D:2)
  3 rats
23 creatures vanquished.

Vanquished Creatures (others)
  2 withered plants (D:4)
2 creatures vanquished.

Grand Total: 25 creatures vanquished

Notes
Turn   | Place    | Note
-------+----------+-------------------------------------------
     0 | D:1      | hawla the Meteoran Ice Elementalist began the quest for the
                  | Orb.
     0 | D:1      | Reached XP level 1. HP: 14/14 MP: 5/5
    75 | D:1      | Found Vaokot's Distillery.
    83 | D:1      | Found Xatymn's One-of-a-Kind Rings.
    86 | D:1      | Reached XP level 2. HP: 19/20 MP: 3/6
   185 | D:3      | Reached XP level 3. HP: 20/26 MP: 4/8
   189 | D:3      | Learned a level 3 spell: Frozen Ramparts
   208 | D:3      | Reached skill level 5 in Ice Magic
   326 | D:4      | Noticed a scorpion
   332 | D:4      | Killed a scorpion
   333 | D:4      | Reached XP level 4. HP: 7/33 MP: 3/10
   395 | D:4      | Reached XP level 5. HP: 16/38 MP: 8/11
   462 | D:4      | Noticed Menkaure
   475 | D:4      | Mangled by Menkaure

Illustrated notes

Levels and vault maps discovered:
D:1:      lemuel_arrival_behind_the_door_small, layout_basic, serial_shops,
          shop, nicolae_shop_hallway_stairs, nicolae_shop_statue_plus,
          minmay_gold_behind_fungi, minivault_26, nicolae_shop_unique_rings,
          grunt_decor_cap
D:2:      layout_basic, uniq_crazy_yiuf_cottage
D:3:      layout_basic, shapermc_ecumenical_altar_petra,
          minmay_misc_feat_encased, grunt_decor_resistance
D:4:      kennysheep_slugbush, layout_loops_ring, serial_undead,
          serial_undead_d, serial_undead_a, serial_undead_f, serial_undead_a,
          serial_undead_e, serial_undead_c, serial_undead_f, st_stairs_3,
          uniq_menkaure, uniq_eustachio

Skill      XL: |  1  2  3 |
---------------+----------+-----
Spellcasting   | 3 |  3.7
Ice Magic      | 5 |  5.8
Fighting       | |  0.1
Dodging        | |  2.7
Stealth        | |  1.4

Action                   |  1- 3 |  4- 6 || total
-------------------------+-------+-------++-------
Melee: Unarmed           |    18 |     4 ||    22
       Punch             |     1 |       ||     1
 Cast: Freeze            |    20 |    14 ||    34
       Frozen Ramparts   |     1 |     1 ||     2
  Use: Potion            |       |     1 ||     1
Armor: Robe              |     5 |     1 ||     6
Dodge: Dodged            |    19 |    10 ||    29
